 Dungeon Crawl Stone Soup version 0.32-a0-433-g08bcfe7efd (webtiles) character file.

Game seed: 721028130545014576

119 javelincjr the Trooper (level 4, -4/41 HPs)
             Began as a Mountain Dwarf Monk on Feb 22, 2024.
             Slain by Jessica
             ... wielding a +0 club
              (6 damage)
             ... on level 3 of the Dungeon.
             The game lasted 00:06:27 (2088 turns).

javelincjr the Trooper (Mountain Dwarf Monk)        Turns: 2088, Time: 00:06:28

Health: -4/41      AC:  6    Str: 15    XL:     4   Next: 73%
Magic:  4/4        EV: 11    Int: 11    God:
Gold:   108        SH:  5    Dex: 12    Spells: 3/3 levels left

rFire   . . .        a - +0 hand axe
rCold   . . .        d - orb {light}
rNeg    . . .        f - +0 ring mail
rPois   .            (no helmet)
rElec   .            j - +0 cloak
rCorr   .            (no gloves)
SInv    .            (no boots)
Will    .....        m - amulet of reflection
Stlth   +            (no ring)
HPRegen 0.26/turn    (no ring)
MPRegen 0.09/turn

%: reflection
@: glowing
A: runic magic, artefact enchanting
a: no special abilities


You were on level 3 of the Dungeon.
You visited 1 branch of the dungeon, and saw 3 of its levels.

You collected 128 gold pieces.
You spent 20 gold pieces at shops.

Inventory:

Hand Weapons
 a - a +0 hand axe (weapon)
 l - a +0 spear
 n - a +4 short sword
Missiles
 q - 4 boomerangs (quivered)
Armour
 b - a +0 robe
 d - an orb of light (worn)
 f - a +0 ring mail (worn)
 g - a +0 chain mail
 j - a +0 cloak (worn)
Jewellery
 m - an amulet of reflection (around neck)
Scrolls
 e - a scroll of immolation
 h - a scroll of fear
 k - a scroll of poison {unknown}
 o - a scroll of blinking
Potions
 c - a potion of ambrosia
 i - a potion of lignification
 p - a potion of berserk rage


   Skills:
 * Level 4.5 Fighting
 + Level 4.4 Axes
 + Level 1.9 Armour
 + Level 2.6 Dodging


You had 3 spell levels left.
You didn't know any spells.
Your spell library contained the following spells:

 Spells                   Type           Power      Damage    Failure   Level
 Ensorcelled Hibernation  Hex/Ice        0%         N/A       52%         2
 Call Canine Familiar     Summ           0%         N/A       77%         3
 Fugue of the Fallen      Necr           0%         N/A       77%         3
 Sigil of Binding         Hex            0%         N/A       77%         3
 Tukima's Dance           Hex            0%         N/A       77%         3
 Anguish                  Hex/Necr       0%         N/A       99%         4
 Dimensional Bullseye     Hex/Tloc       0%         N/A       99%         4
 Iskenderun's Mystic Bla  Conj/Tloc      0%         2d3       99%         4


Dungeon Overview and Level Annotations

Branches:
Dungeon (3/15)

Altars:
Dithmenos
Nemelex Xobeh

Shops:
D:2 ?

Annotations:
D:3 Jessica


Innate Abilities, Weirdness & Mutations

Your spellcasting is much less encumbered by armour.
You can use scrolls of enchantment on lesser artefacts.


Message History

You hit Jessica but do no damage.
Jessica is moderately wounded.
Jessica completely misses you.
You barely miss Jessica.
Jessica is moderately wounded.
You hit the bombardier beetle. Jessica closely misses you.
The bombardier beetle bites you.
You barely miss Jessica.
Jessica is moderately wounded.
You hit the bombardier beetle but do no damage.
Jessica hits you with a +0 club.
You hit Jessica.
Jessica is heavily wounded.
You hit the bombardier beetle but do no damage.
Jessica mumbles some strange words.
Jessica blinks!
The bombardier beetle misses you.
You hit the bombardier beetle.
The bombardier beetle is heavily wounded.
The bombardier beetle bites you but does no damage.
You hit the bombardier beetle.
The bombardier beetle is almost dead.
You hit the bombardier beetle but do no damage.
The bombardier beetle is almost dead.
The bombardier beetle waves its antennae.
The bombardier beetle bites you but does no damage.
You hit the bombardier beetle.
You kill the bombardier beetle!
Jessica casts a spell at you. Pain shoots through your body!
You are too injured to fight recklessly!
You are too injured to fight recklessly!
You hit Jessica.
Jessica is severely wounded.
Jessica casts a spell at you. Pain shoots through your body!
* * * LOW HITPOINT WARNING * * *
You hit Jessica.
Jessica is almost dead.
Jessica hits you with a +0 club.
You die...

#.#
#####.#...##.###..###.
###.###.....#...##.#
##.....
####.......#####...##.#
###... ##...........#
#....##.# ##..
#.....)......##.....##..
##..
#....................####
#>..
#..............##.......
#...
#...............@.......
#...
#...............@)......
#.##
#...........#####)......
## ............# .......
............# ....#..
...... ......# ###
.....## .....# ?....#


You could see Jessica.

Vanquished Creatures
  A bombardier beetle (D:3)
  A gnoll (D:1)
  2 adders (D:2)
  A ribbon worm (D:2)
  A dart slug (D:2)
  8 orcs
  2 endoplasms (D:2)
  A giant cockroach (D:1)
  3 goblins
  6 hobgoblins
  3 jackals (D:2)
  A quokka (D:3)
  2 ball pythons
  4 bats
  A frilled lizard (D:1)
  6 kobolds
  5 rats
48 creatures vanquished.

Notes
Turn   | Place    | Note
-------+----------+-------------------------------------------
     0 | D:1      | javelincjr the Mountain Dwarf Monk began the quest for the
                  | Orb.
     0 | D:1      | Reached XP level 1. HP: 19/19 MP: 1/1
   235 | D:1      | Found a faded altar of an unknown god.
   263 | D:1      | Reached XP level 2. HP: 3/27 MP: 2/2
   834 | D:2      | Reached skill level 1 in Armour
   900 | D:2      | Reached XP level 3. HP: 26/33 MP: 3/3
  1180 | D:2      | Reached XP level 4. HP: 40/40 MP: 4/4
  1333 | D:2      | Found Xoax's Magic Scroll Boutique.
  1336 | D:2      | Bought a scroll of identify for 20 gold pieces
  1845 | D:3      | Found a shadowy altar of Dithmenos.
  1986 | D:3      | Found a sparkling altar of Nemelex Xobeh.
  2069 | D:3      | Noticed Jessica
  2087 | D:3      | HP: 2/41 [Jessica/nerve-wracking pain (12)]
  2088 | D:3      | Slain by Jessica

Illustrated notes

Levels and vault maps discovered:
D:1:      psy_arrival_dodecagon, layout_basic,
          shapermc_ecumenical_altar_mp_urbaneastern, dk_noncrumbling_3
D:2:      layout_basic, serial_shops, nicolae_shop_rolled_up
D:3:      layout_rooms, nemelex_altar_shiori,
          mainiacjoe_overflow_small_starburst, mainiacjoe_overflow_boulevard,
          serial_co_window_serial, co_window_corner_a, co_window_corner_a,
          co_window_paths_a, co_window_paths_a, co_window_of_opportunity_a,
          co_window_broadway_a, co_window_broadway_b, co_window_paths_c,
          co_window_unsneaky_path_c, co_window_corner_b,
          co_window_of_opportunity_b, glass_columns_a, glass_columns_b,
          glass_columns_a, nrook_mini_backslash, uniq_jessica

Skill      XL: |  1  2  3 |
---------------+----------+-----
Armour         | 1 |  1.9
Axes           | 4 |  4.4
Fighting       | 4 |  4.5
Dodging        | |  2.6

Action                     |  1- 3 |  4- 6 || total
---------------------------+-------+-------++-------
  Melee: Hand axe          |   107 |    45 ||   152
    Use: Scroll            |       |     5 ||     5
 Armour: Ring mail         |    67 |    29 ||    96
  Dodge: Dodged            |    65 |    19 ||    84

Table legend: (Time is in decaauts)
 A = Elapsed time spent in this place.
 B = Non-inter-level travel time spent in this place.
 C = Inter-level travel time spent in this place.
 D = Time resting spent in this place.
 E = Time spent auto-exploring this place.
 F = Levels seen in this place.
 G = Mean time per level.
                   A        B        C        D        E       F      G
               +--------+--------+--------+--------+--------+-----+--------+
         Total |   2102 |   1956 |    146 |     99 |   1470 |   3 |  700.7 |
       Dungeon |   2102 |   1956 |    146 |     99 |   1470 |   3 |  700.7 |
               +--------+--------+--------+--------+--------+-----+--------+

Top non-repeatable levels by time:
     D:2: 1026 daAuts
     D:1: 831 daAuts
     D:3: 244 daAuts
